| TOP OF THE 1ST |
|
Williamsport Greys batting - Pitching for Aberdeen Ironbirds : RHP Jose Martinez
|
|
Pitching: RHP Jose Martinez
|
|
|
Batting: RHB Omar Garcia
|
0-0: SINGLE (Groundball, 25, EV 67.5 MPH) (infield hit)
|
|
Batting: SHB Chris Howard
|
0-0: Ball 1-0: Ball 2-0: Ball 3-0: Base on Balls Omar Garcia to second
|
|
Batting: LHB Angel Bayron
|
0-0: Ball 1-0: Ball Omar Garcia steals 3rd base 2-0: Called Strike 2-1: Grounds into double play, 6-4-3 (Groundball, 6M, EV 106.3 MPH) Omar Garcia scores
|
|
Batting: RHB Rodney Martin
|
0-0: Ball 1-0: Foul Ball, location: 2F 1-1: Ball 2-1: Foul Ball, location: 2F 2-2: Ball 3-2: Strikes out swinging
|
| Top of the 1st over - 1 run, 1 hit, 0 errors, 0 left on base; Williamsport 1 - Aberdeen 0 |
| BOTTOM OF THE 1ST |
|
Aberdeen Ironbirds batting - Pitching for Williamsport Greys : LHP Ron Krauss
|
|
Pitching: LHP Ron Krauss
|
|
|
Batting: RHB Johnnie Walker
|
0-0: Ball 1-0: Ground out 6-3 (Groundball, 6, EV 98.8 MPH)
|
|
Batting: RHB Arturo Leija
|
0-0: Ball 1-0: Foul Ball, location: 2F 1-1: Ball 2-1: DOUBLE (Line Drive, 9LS, EV 95.0 MPH)
|
|
Batting: SHB Nelson Simmons
|
0-0: Swinging Strike 0-1: Called Strike 0-2: Foul Ball, location: 2F 0-2: Ball 1-2: Foul Ball, location: 2F 1-2: Ball 2-2: Foul Ball, location: 2F 2-2: Foul Ball, location: 2F 2-2: Fly out, F5 (Popup, 5SF, EV 88.8 MPH)
|
|
Batting: RHB Victor Trujillo
|
0-0: Ball 1-0: Ball 2-0: SINGLE (Line Drive, 9S, EV 101.9 MPH) Arturo Leija to third Runner from 3rd tries for Home, SAFE, throw by RF to home
|
|
Batting: RHB Harry Francis
|
0-0: Ball 1-0: Ball 2-0: Ball 3-0: Called Strike 3-1: Called Strike 3-2: Fly out, F8 (Line Drive, 8RM, EV 91.3 MPH)
|
| Bottom of the 1st over - 1 run, 2 hits, 0 errors, 1 left on base; Williamsport 1 - Aberdeen 1 |
| TOP OF THE 2ND |
|
Williamsport Greys batting - Pitching for Aberdeen Ironbirds : RHP Jose Martinez
|
|
Batting: RHB Doug Carpenter
|
0-0: Called Strike 0-1: Ball 1-1: Ball 2-1: Swinging Strike 2-2: Ball 3-2: SINGLE (Groundball, 6D, EV 96.9 MPH)
|
|
Batting: SHB Edwin Darling
|
0-0: Ball 1-0: Called Strike 1-1: Ball 2-1: Foul Ball, location: 2F 2-2: Fly out, F7 (Line Drive, 7, EV 86.9 MPH)
|
|
Batting: RHB Eddie Williams
|
0-0: Ball 1-0: Ball 2-0: 2-RUN HOME RUN (Flyball, 7D, EV 100.0 MPH), Distance : 370 ft
|
|
Batting: RHB Billy Loard
|
0-0: Ball 1-0: Ball 2-0: Swinging Strike 2-1: Foul Ball, location: 2F 2-2: Foul Ball, location: 2F 2-2: Strikes out swinging
|
|
Batting: RHB Brad Luther
|
0-0: Ball 1-0: Ball 2-0: Called Strike 2-1: Ball 3-1: Base on Balls
|
|
Batting: RHB Omar Garcia
|
0-0: Ball 1-0: Swinging Strike 1-1: Foul Ball, location: 2F 1-2: Fielders Choice at 2nd, 6-4 (Groundball, 6, EV 85.6 MPH)
|
| Top of the 2nd over - 2 runs, 2 hits, 0 errors, 1 left on base; Williamsport 3 - Aberdeen 1 |
| BOTTOM OF THE 2ND |
|
Aberdeen Ironbirds batting - Pitching for Williamsport Greys : LHP Ron Krauss
|
|
Batting: RHB Dan Cataline
|
0-0: Called Strike 0-1: Swinging Strike 0-2: Ball 1-2: Ball 2-2: Ball 3-2: Strikes out swinging
|
|
Batting: RHB Mark Bonner
|
0-0: Foul Ball, location: 2F 0-1: Fly out, F8 (Flyball, 89D, EV 96.3 MPH)
|
|
Batting: SHB Kurt Stillwell
|
0-0: Ball 1-0: Ball 2-0: Ball 3-0: Base on Balls
|
|
Batting: RHB Francis Fitzgerald
|
0-0: Ball 1-0: Ball 2-0: Called Strike 2-1: Swinging Strike 2-2: Strikes out swinging
|
| Bottom of the 2nd over - 0 runs, 0 hits, 0 errors, 1 left on base; Williamsport 3 - Aberdeen 1 |
| TOP OF THE 3RD |
|
Williamsport Greys batting - Pitching for Aberdeen Ironbirds : RHP Jose Martinez
|
|
Batting: SHB Chris Howard
|
0-0: Swinging Strike 0-1: Ball 1-1: Swinging Strike 1-2: Foul Ball, location: 2F 1-2: Strikes out looking
|
|
Batting: LHB Angel Bayron
|
0-0: Ball 1-0: Called Strike 1-1: Foul Ball, location: 2F 1-2: Ball 2-2: Foul Ball, location: 2F 2-2: Ground out U3 (Groundball, 13, EV 85.6 MPH)
|
|
Batting: RHB Rodney Martin
|
0-0: Called Strike 0-1: SINGLE (Groundball, 34D, EV 105.6 MPH)
|
|
Batting: RHB Doug Carpenter
|
0-0: Ball Rodney Martin steals 2nd base 1-0: Ball 2-0: Ball 3-0: Called Strike 3-1: Ground out 4-3 (Groundball, 34, EV 103.8 MPH)
|
| Top of the 3rd over - 0 runs, 1 hit, 0 errors, 1 left on base; Williamsport 3 - Aberdeen 1 |
| BOTTOM OF THE 3RD |
|
Aberdeen Ironbirds batting - Pitching for Williamsport Greys : LHP Ron Krauss
|
|
Batting: RHB Johnnie Walker
|
0-0: Ball 1-0: DOUBLE (Flyball, 8RXD, EV 105.6 MPH)
|
|
Batting: RHB Arturo Leija
|
0-0: Ball 1-0: Called Strike 1-1: SINGLE (Line Drive, 6M, EV 101.3 MPH) Johnnie Walker to third
|
|
Batting: SHB Nelson Simmons
|
0-0: Ball 1-0: Ball 2-0: Ball 3-0: Called Strike 3-1: Base on Balls Arturo Leija to second
|
|
Batting: RHB Victor Trujillo
|
0-0: Ball 1-0: DOUBLE (Line Drive, 5D, EV 96.9 MPH) Johnnie Walker scores Arturo Leija scores Nelson Simmons to third
|
|
Batting: RHB Harry Francis
|
0-0: Ball 1-0: Swinging Strike 1-1: Ball 2-1: Swinging Strike 2-2: Foul Ball, location: 2F 2-2: Strikes out looking
|
|
Batting: RHB Dan Cataline
|
0-0: Ball 1-0: Ball 2-0: Ball 3-0: Called Strike 3-1: SINGLE (Line Drive, 7S, EV 98.1 MPH) Nelson Simmons scores Victor Trujillo to third Runner from 3rd tries for Home, SAFE, throw by LF to home
|
|
Batting: RHB Mark Bonner
|
0-0: Swinging Strike 0-1: Ball 1-1: Ball 2-1: Called Strike 2-2: Ball 3-2: Strikes out looking
|
|
Batting: SHB Kurt Stillwell
|
0-0: SINGLE (Groundball, 56D, EV 106.9 MPH) Dan Cataline to second
|
|
Batting: RHB Francis Fitzgerald
|
0-0: Called Strike 0-1: Ball 1-1: Ball 2-1: Ball 3-1: Foul Ball, location: 2F 3-2: Foul Ball, location: 2F 3-2: Foul Ball, location: 2F 3-2: Base on Balls Dan Cataline to third Kurt Stillwell to second
|
|
Pitching: RHP Randall Trumbull
|
|
|
Batting: RHB Johnnie Walker
|
0-0: Foul Ball, location: 2F 0-1: Swinging Strike 0-2: Ball 1-2: Foul Ball, location: 2F 1-2: SINGLE (Groundball, 25, EV 61.9 MPH) (infield hit) Dan Cataline scores Kurt Stillwell to third Francis Fitzgerald to second
|
|
Batting: RHB Arturo Leija
|
0-0: Foul Ball, location: 2F 0-1: Called Strike 0-2: Ball 1-2: Ball 2-2: Foul Ball, location: 2F 2-2: Foul Ball, location: 2F 2-2: Strikes out swinging
|
| Bottom of the 3rd over - 5 runs, 6 hits, 0 errors, 3 left on base; Williamsport 3 - Aberdeen 6 |
| TOP OF THE 4TH |
|
Williamsport Greys batting - Pitching for Aberdeen Ironbirds : RHP Jose Martinez
|
|
Batting: SHB Edwin Darling
|
0-0: Ground out 5-3 (Groundball, 56S, EV 76.3 MPH)
|
|
Batting: RHB Eddie Williams
|
0-0: Ball 1-0: Foul Ball, location: 2F 1-1: Swinging Strike 1-2: Foul Ball, location: 2F 1-2: Ball 2-2: Ball 3-2: Strikes out swinging
|
|
Batting: RHB Billy Loard
|
0-0: Called Strike 0-1: Foul Ball, location: 2F 0-2: Ball 1-2: Strikes out looking
|
| Top of the 4th over - 0 runs, 0 hits, 0 errors, 0 left on base; Williamsport 3 - Aberdeen 6 |
| BOTTOM OF THE 4TH |
|
Aberdeen Ironbirds batting - Pitching for Williamsport Greys : RHP Randall Trumbull
|
|
Batting: SHB Nelson Simmons
|
0-0: Ball 1-0: Called Strike 1-1: Fly out, F9 (Flyball, 89XD, EV 82.5 MPH)
|
|
Batting: RHB Victor Trujillo
|
0-0: Ground out 6-3 (Groundball, 6D, EV 95.0 MPH)
|
|
Batting: RHB Harry Francis
|
0-0: Called Strike 0-1: Swinging Strike 0-2: Foul Ball, location: 2F 0-2: Foul Ball, location: 2F 0-2: Ball 1-2: Ball 2-2: Fly out, F4 (Flyball, 34D, EV 81.3 MPH)
|
| Bottom of the 4th over - 0 runs, 0 hits, 0 errors, 0 left on base; Williamsport 3 - Aberdeen 6 |
| TOP OF THE 5TH |
|
Williamsport Greys batting - Pitching for Aberdeen Ironbirds : RHP Jose Martinez
|
|
Batting: RHB Brad Luther
|
0-0: Swinging Strike 0-1: Ball 1-1: Fly out, F9 (Flyball, 9, EV 79.4 MPH)
|
|
Batting: RHB Omar Garcia
|
0-0: Called Strike 0-1: Ball 1-1: Ball 2-1: Ball 3-1: Swinging Strike 3-2: Base on Balls
|
|
Batting: SHB Chris Howard
|
0-0: Grounds into double play, 4-6-3 (Groundball, 4M, EV 100.0 MPH)
|
| Top of the 5th over - 0 runs, 0 hits, 0 errors, 0 left on base; Williamsport 3 - Aberdeen 6 |
| BOTTOM OF THE 5TH |
|
Aberdeen Ironbirds batting - Pitching for Williamsport Greys : RHP Randall Trumbull
|
|
Batting: RHB Dan Cataline
|
0-0: Called Strike 0-1: Fly out, F8 (Flyball, 8RD, EV 80.0 MPH)
|
|
Batting: RHB Mark Bonner
|
0-0: Ball 1-0: Called Strike 1-1: Foul Ball, location: 2F 1-2: Ball 2-2: Foul Ball, location: 2F 2-2: Strikes out swinging
|
|
Batting: SHB Kurt Stillwell
|
0-0: Ball 1-0: Ground out 5-3 (Groundball, 56, EV 80.0 MPH)
|
| Bottom of the 5th over - 0 runs, 0 hits, 0 errors, 0 left on base; Williamsport 3 - Aberdeen 6 |
| TOP OF THE 6TH |
|
Williamsport Greys batting - Pitching for Aberdeen Ironbirds : RHP Jose Martinez
|
|
Batting: LHB Angel Bayron
|
0-0: Ball 1-0: Ball 2-0: Called Strike 2-1: Ground out 4-3 (Groundball, 4, EV 85.6 MPH)
|
|
Batting: RHB Rodney Martin
|
0-0: Called Strike 0-1: Ball 1-1: Fly out, F9 (Line Drive, 9, EV 98.8 MPH)
|
|
Batting: RHB Doug Carpenter
|
0-0: Ball 1-0: Foul Ball, location: 2F 1-1: Foul Ball, location: 2F 1-2: Ball 2-2: Ball 3-2: Strikes out swinging
|
| Top of the 6th over - 0 runs, 0 hits, 0 errors, 0 left on base; Williamsport 3 - Aberdeen 6 |
| BOTTOM OF THE 6TH |
|
Aberdeen Ironbirds batting - Pitching for Williamsport Greys : RHP Randall Trumbull
|
|
Batting: RHB Francis Fitzgerald
|
0-0: Called Strike 0-1: Swinging Strike 0-2: Strikes out looking
|
|
Batting: RHB Johnnie Walker
|
0-0: SINGLE (Line Drive, 6MD, EV 97.5 MPH)
|
|
Batting: RHB Arturo Leija
|
0-0: Called Strike 0-1: Ball 1-1: Fielders Choice at 2nd, 6-4 (Groundball, 6, EV 90.6 MPH)
|
|
Batting: SHB Nelson Simmons
|
0-0: Ball 1-0: Swinging Strike 1-1: Fielders Choice at 2nd, 5-4 (Groundball, 56, EV 106.9 MPH)
|
| Bottom of the 6th over - 0 runs, 1 hit, 0 errors, 1 left on base; Williamsport 3 - Aberdeen 6 |
| TOP OF THE 7TH |
|
Williamsport Greys batting - Pitching for Aberdeen Ironbirds : RHP Jose Martinez
|
|
Batting: SHB Edwin Darling
|
0-0: Called Strike 0-1: Swinging Strike 0-2: Ball 1-2: Foul Ball, location: 2F 1-2: Foul Ball, location: 2F 1-2: Strikes out swinging
|
|
Batting: RHB Eddie Williams
|
0-0: Called Strike 0-1: Fly out, F8 (Flyball, 89XD, EV 74.4 MPH)
|
|
Batting: RHB Billy Loard
|
0-0: Ball 1-0: Foul Ball, location: 2F 1-1: Fly out, F9 (Flyball, 89D, EV 100.0 MPH)
|
| Top of the 7th over - 0 runs, 0 hits, 0 errors, 0 left on base; Williamsport 3 - Aberdeen 6 |
| BOTTOM OF THE 7TH |
|
Aberdeen Ironbirds batting - Pitching for Williamsport Greys : RHP Randall Trumbull
|
|
Batting: RHB Victor Trujillo
|
0-0: Swinging Strike 0-1: Ball 1-1: Called Strike 1-2: Fly out, F8 (Flyball, 89M, EV 90.0 MPH)
|
|
Batting: RHB Harry Francis
|
0-0: Ball 1-0: Ball 2-0: Called Strike 2-1: Foul Ball, location: 2F 2-2: SINGLE (Groundball, 6S, EV 71.9 MPH) (infield hit)
|
|
Pitching: RHP Mitchell Johnson
|
|
|
Batting: RHB Dan Cataline
|
0-0: Called Strike 0-1: Foul Ball, location: 2F 0-2: Strikes out looking
|
|
Batting: RHB Mark Bonner
|
0-0: Ball Harry Francis steals 2nd base (no throw) 1-0: Ball 2-0: Ball 3-0: Base on Balls
|
|
Batting: SHB Kurt Stillwell
|
0-0: Fly out, F8 (Line Drive, 8LM, EV 91.9 MPH)
|
| Bottom of the 7th over - 0 runs, 1 hit, 0 errors, 2 left on base; Williamsport 3 - Aberdeen 6 |
| TOP OF THE 8TH |
|
Williamsport Greys batting - Pitching for Aberdeen Ironbirds : RHP Jose Martinez
|
|
Batting: RHB Brad Luther
|
0-0: Called Strike 0-1: Swinging Strike 0-2: Ball 1-2: SINGLE (Line Drive, 7S, EV 89.4 MPH)
|
|
Batting: RHB Omar Garcia
|
0-0: Ball 1-0: Ball 2-0: Ball 3-0: Called Strike 3-1: Foul Ball, location: 2F 3-2: Strikes out looking
|
|
Batting: SHB Chris Howard
|
0-0: Ball 1-0: Foul Ball, location: 2F 1-1: Fielders Choice at 2nd, 1-6 (Groundball, 34S, EV 69.4 MPH)
|
|
Batting: LHB Angel Bayron
|
0-0: Ball 1-0: Foul Ball, location: 2F 1-1: Ball 2-1: Called Strike 2-2: Strikes out looking
|
| Top of the 8th over - 0 runs, 1 hit, 0 errors, 1 left on base; Williamsport 3 - Aberdeen 6 |
| BOTTOM OF THE 8TH |
|
Aberdeen Ironbirds batting - Pitching for Williamsport Greys : RHP Mitchell Johnson
|
|
Batting: RHB Francis Fitzgerald
|
0-0: Ball 1-0: Swinging Strike 1-1: Swinging Strike 1-2: Strikes out looking
|
|
Batting: RHB Johnnie Walker
|
0-0: Ball 1-0: Ball 2-0: Called Strike 2-1: Fly out, F5 (Popup, 5SF, EV 76.9 MPH)
|
|
Batting: RHB Arturo Leija
|
0-0: Ball 1-0: Ball 2-0: Ball 3-0: Base on Balls
|
|
Batting: SHB Nelson Simmons
|
0-0: Ball Wild Pitch! Arturo Leija to second 1-0: Ball 2-0: Swinging Strike 2-1: DOUBLE (Line Drive, 5D, EV 94.4 MPH) Arturo Leija scores
|
|
Batting: RHB Victor Trujillo
|
0-0: Called Strike 0-1: Foul Ball, location: 2F 0-2: DOUBLE (Line Drive, 89D, EV 101.3 MPH) Nelson Simmons scores
|
|
Batting: RHB Harry Francis
|
0-0: Swinging Strike 0-1: Ball 1-1: Swinging Strike 1-2: Ball 2-2: Ball Wild Pitch! Victor Trujillo to third 3-2: Ground out 4-3 (Groundball, 4, EV 90.0 MPH)
|
| Bottom of the 8th over - 2 runs, 2 hits, 0 errors, 1 left on base; Williamsport 3 - Aberdeen 8 |
| TOP OF THE 9TH |
|
Williamsport Greys batting - Pitching for Aberdeen Ironbirds : RHP Jose Martinez
|
|
Batting: RHB Rodney Martin
|
0-0: Called Strike 0-1: Ball 1-1: Called Strike 1-2: Strikes out swinging
|
|
Batting: RHB Doug Carpenter
|
0-0: Foul Ball, location: 2F 0-1: Ball 1-1: Swinging Strike 1-2: Foul Ball, location: 2F 1-2: Foul Ball, location: 2F 1-2: Ball 2-2: Fly out, F9 (Flyball, 9LM, EV 85.6 MPH)
|
|
Batting: SHB Edwin Darling
|
0-0: Called Strike 0-1: Fly out, F8 (Flyball, 8LD, EV 94.4 MPH)
|
| Top of the 9th over - 0 runs, 0 hits, 0 errors, 0 left on base; Williamsport 3 - Aberdeen 8 |
|